 Dungeon Crawl Stone Soup version 0.31-a0-188-g5e087ee2ca (webtiles) character file.

Game seed: 11221859060993142879

130 qw the Skirmisher (level 4, 0/25 HPs)
             Began as a Deep Elf Hunter on June 23, 2023.
             Slain by a cerulean imp
             ... wielding a +0 spear
             ... summoned by Natasha
              (4 damage)
             ... on level 2 of the Dungeon.
             The game lasted 00:00:33 (1355 turns).

qw the Skirmisher (Deep Elf Hunter)                 Turns: 1355, Time: 00:00:33

Health: 0/25       AC:  9    Str: 10    XL:     4   Next: 89%
Magic:  6/6        EV: 11    Int: 14    God:
Gold:   60         SH:  0    Dex: 18    Spells: 3/3 levels left

rFire   . . .        Y - +0 shortbow
rCold   . . .        (shield currently unavailable)
rNeg    . . .        i - +0 ring mail
rPois   .            (no helmet)
rElec   .            (no cloak)
rCorr   .            (no gloves)
SInv    .            (no boots)
Will    .....        (no amulet)
Stlth   +            d - +4 ring of protection
HPRegen 0.24/turn    (no ring)
MPRegen 0.10/turn

%: no passive effects
@: slowed, very slow
A: no striking features
a: no special abilities


You were on level 2 of the Dungeon.
You visited 1 branch of the dungeon, and saw 2 of its levels.

You collected 60 gold pieces.


   Skills:
 - Level 1.5 Fighting
 + Level 8.3 Ranged Weapons
 - Level 2.4 Dodging
 - Level 1.2 Stealth


You had 3 spell levels left.
You didn't know any spells.
Your spell library was empty.

Inventory:

Hand Weapons
 Y - a +0 shortbow (weapon)
Armour
 i - a +0 ring mail (worn)
Jewellery
 d - a +4 ring of protection (left hand)
Scrolls
 c - a scroll of teleportation
Potions
 e - a potion of heal wounds {unknown}
 f - a potion of ambrosia {unknown}
 g - a potion of degeneration {unknown}
 h - a potion of mutation {unknown}
 j - a potion of berserk rage {unknown}
 l - a potion of attraction {unknown}

Dungeon Overview and Level Annotations

Branches:
Dungeon (2/15)

Altars:

Annotations:
D:2 Natasha


Message History

You shoot an arrow. The arrow barely misses Natasha.
Natasha barely misses you. Natasha claws you.
You shoot an arrow. The arrow hits Natasha.
Natasha is lightly wounded.
The quokka bites you but does no damage.
Natasha mumbles some strange words.
The quokka bites you but does no damage.
You shoot an arrow. The arrow closely misses Natasha.
The quokka closely misses you. Natasha barely misses you.
The cerulean imp closely misses you.
You shoot an arrow. The arrow misses Natasha.
The quokka bites you. Natasha casts a spell at you.
You feel yourself slow down. The cerulean imp misses you.
The quokka bites you but does no damage.
You shoot an arrow. The arrow closely misses Natasha.
Natasha wildly gestures.
Natasha glows brightly for a moment.
Natasha barely misses you.
The quokka bites you but does no damage.
The cerulean imp hits you but does no damage.
Natasha casts a spell.
The quokka closely misses you.
The cerulean imp hits you but does no damage.
You shoot an arrow. The arrow hits Natasha.
Natasha is lightly wounded.
The quokka bites you but does no damage.
Natasha claws you but does no damage. The cerulean imp misses you.
The quokka closely misses you.
The cerulean imp hits you but does no damage.
Natasha barely misses you.
You shoot an arrow.
The arrow hits Natasha but does no damage.
Natasha is lightly wounded.
The cerulean imp closely misses you.
The quokka bites you but does no damage.
The cerulean imp closely misses you.
Natasha zaps a wand.
The puff of flame hits you.
The cerulean imp hits you from afar with a +0 spear.
You die...

#.#......#
#.###.###..###.#.#
##.......# #.#
#.##...###.#.#
#################...<.....<#
##...####..#..##.#.#
##....###..#.....#.#
##....###).#.......#
#...#5.##..##.##.#######
...##5h#..###.....%.....
..###.r@.## ####.#######
..###...##:............#
######......#.#####.#
#####.#.# # #.# #.# #.# #.#


You could see Natasha, 2 cerulean imps and a quokka.

Vanquished Creatures
  Jessica (D:1)
  Natasha (twice) (D:2)
  An adder (D:2)
  3 dart slugs
  6 ball pythons
  3 endoplasms
  2 giant cockroaches
  4 goblins
  A hobgoblin (D:2)
  8 kobolds (D:1)
  A quokka (D:1)
  4 bats
  2 frilled lizards (D:1)
  3 rats (D:1)
41 creatures vanquished.

Notes
Turn   | Place    | Note
-------+----------+-------------------------------------------
     0 | D:1      | qw the Deep Elf Hunter began the quest for the Orb.
     0 | D:1      | Reached XP level 1. HP: 12/12 MP: 3/3
     0 | D:1      | 0 ||| qw: Version: 0.3-a-9-g12657ce
     0 | D:1      | 0 ||| qw: Game counter: 4053
     0 | D:1      | 0 ||| qw: Always use a shield: true
     0 | D:1      | 0 ||| qw: God list: Okawaru
     0 | D:1      | 0 ||| qw: Allow faded altars: false
     0 | D:1      | 0 ||| qw: Do Orc after D:15 true
     0 | D:1      | 0 ||| qw: Do second Lair branch before Depths: true
     0 | D:1      | 0 ||| qw: Lair rune preference: random
     0 | D:1      | 0 ||| qw: Plans: Normal
     0 | D:1      | 0 ||| PLANNING D:1-11
   242 | D:1      | Reached XP level 2. HP: 16/16 MP: 4/4
   259 | D:1      | Reached skill level 6 in Ranged Weapons
   790 | D:1      | 790 ||| UPGRADING to +0 ring mail.
   800 | D:1      | 800 ||| DROPPING +0 leather armour.
   801 | D:1      | 801 ||| UPGRADING to +4 ring of protection.
   802 | D:1      | 802 ||| READING scroll labelled WIATYTH NY COF.
   805 | D:1      | 805 ||| READING scroll labelled APHIMU OREWN.
   806 | D:1      | 806 ||| DROPPING scroll of butterflies.
   828 | D:2      | Noticed Jessica
   835 | D:2      | Reached XP level 3. HP: 20/20 MP: 5/5
   840 | D:2      | 840 ||| STAIRDANCE
   842 | D:1      | Killed Jessica
   843 | D:1      | Reached skill level 7 in Ranged Weapons
  1076 | D:2      | Reached XP level 4. HP: 25/25 MP: 6/6
  1181 | D:2      | Noticed Natasha
  1190 | D:2      | Killed Natasha
  1281 | D:2      | Noticed Natasha
  1282 | D:2      | 1282 ||| Stepping ~*~*~tactically~*~*~ (outnumbered).
  1285 | D:2      | Reached skill level 8 in Ranged Weapons
  1290 | D:2      | Killed Natasha
  1319 | D:2      | Noticed Natasha
  1336 | D:2      | 1336 ||| READING scroll labelled LEBUDDOWOF.
  1337 | D:2      | 1337 ||| READING scroll labelled IGEFIN KIERISEPI.
  1355 | D:2      | HP: 4/25 [Natasha/puff of flame (5)]
  1355 | D:2      | Slain by a cerulean imp

Levels and vault maps discovered:
D:1:      lightli_arrival_chessboard, layout_loops_ring, serial_aquarium,
          aquarium_bridge_square [aquarium_subvault_bridge,
          aquarium_subvault_bridge, aquarium_subvault_window,
          aquarium_subvault_bridge], aquarium_bridge_straight
          [aquarium_subvault_bridge, aquarium_subvault_wall,
          aquarium_subvault_bridge, aquarium_subvault_wall], aquarium_window_1,
          aquarium_window_fake, aquarium_window_1, aquarium_view_2b,
          aquarium_balcony_double_1, minmay_unequal
D:2:      layout_basic, hangedman_glass_teeth, uniq_natasha, uniq_sigmund,
          uniq_jessica

Skill      XL: |  1  2  3  4 |
---------------+-------------+-----
Ranged Weapons | 6 7 8 |  8.3
Fighting       | |  1.5
Dodging        | |  2.4
Stealth        | |  1.2

Action                     |  1- 3 |  4- 6 || total
---------------------------+-------+-------++-------
   Fire: Shortbow          |    87 |    32 ||   119
    Use: Scroll            |     2 |     2 ||     4
 Armour: Leather armour    |     6 |       ||     6
         Ring mail         |    10 |    15 ||    25
  Dodge: Dodged            |    20 |    14 ||    34

Table legend:
 A = Non-vault XP
 B = Vault XP
 C = Vault XP percentage of total XP
 D = Non-vault monster count
 E = Vault monster count
 F = Vault count percentage of total count
                 A         B        C        D         E       F
            +---------+---------+-------+---------+---------+-------
      Total |     109 |      77 |  41.4 |      36 |       5 |  12.2
            +---------+---------+-------+---------+---------+-------
        D:1 |      36 |      42 |  53.8 |      23 |       4 |  14.8
        D:2 |      73 |      35 |  32.4 |      13 |       1 |   7.1
            +---------+---------+-------+---------+---------+-------
